 Dungeon Crawl Stone Soup version 0.31-a0-631-g285b096dc4 (webtiles) character file.

Game seed: 12451837560827300184

1975 inmateoo the Cleaver (level 9, -2/79 HPs)
             Began as a Hill Orc Fighter on Aug 26, 2023.
             Was a Priest of Beogh.
             Killed by divine providence
             ... invoked by Jeremiah
              (12 damage)
             ... on level 7 of the Dungeon.
             The game lasted 00:06:34 (5221 turns).

inmateoo the Cleaver (Hill Orc Fighter)             Turns: 5221, Time: 00:06:35

Health: -2/79      AC: 11    Str: 21    XL:     9   Next: 20%
Magic:  10/10      EV: 13    Int:  8    God:    Beogh [***...]
Gold:   336        SH:  5    Dex: 12    Spells: 8/8 levels left

rFire   . . .        a - +0 war axe (heavy)
rCold   + . .        c - +0 buckler
rNeg    . . .        z - +0 chain mail
rPois   .            (no helmet)
rElec   .            (no cloak)
rCorr   .            k - +0 pair of gloves
SInv    .            (no boots)
Will    .....        w - amulet of magic regeneration Stlth
                     h - +5 ring of evasion
HPRegen 0.33/turn    y - ring of protection from cold
MPRegen 0.52/turn

%: no passive effects
@: mighty
A: no striking features
a: Renounce Religion, Smiting


You were on level 7 of the Dungeon.
You worshipped Beogh.
Beogh was most pleased with you.
You visited 1 branch of the dungeon, and saw 7 of its levels.
You also visited: Sewer.

You collected 406 gold pieces.
You spent 70 gold pieces at shops.

Inventory:

Hand Weapons
 a - a +0 heavy war axe (weapon)
Missiles
 f - 2 poisoned darts
Armour
 c - a +0 buckler (worn)
 k - a +0 pair of gloves (worn)
 z - a +0 chain mail (worn)
Jewellery
 h - a +5 ring of evasion (left hand)
 w - an amulet of magic regeneration (around neck)
 y - a ring of protection from cold (right hand)
Wands
 v - a wand of digging (5)
 A - a wand of flame (7)
 E - a wand of polymorph (2)
Scrolls
 b - 4 scrolls of identify
 g - a scroll of teleportation
 j - a scroll of revelation
 n - 3 scrolls of enchant armour
 B - 3 scrolls of brand weapon
Potions
 e - a potion of lignification {unknown}
 i - 3 potions of attraction
 l - 4 potions of curing
 m - a potion of enlightenment {unknown}
 o - 6 potions of heal wounds {unknown}
 q - 2 potions of brilliance {unknown}
 r - 2 potions of resistance {unknown}
 s - 4 potions of haste {unknown}
 t - 3 potions of mutation {unknown}
 u - a potion of berserk rage {unknown}
 C - 2 potions of cancellation {unknown}


   Skills:
 + Level 7.1 Fighting
 * Level 9.7 Axes
 + Level 6.4 Armour
 + Level 1.4 Dodging
 + Level 6.4 Shields
 + Level 2.4 Invocations


You had 8 spell levels left.
You didn't know any spells.
Your spell library contained the following spells:

 Spells                   Type           Power      Damage    Failure   Level
 Ensorcelled Hibernation  Hex/Ice        0%         N/A       99%         2
 Dazzling Flash           Conj/Hex       0%         N/A       100%        3
 Volatile Blastmotes      Fire/Tloc      0%         2d10      100%        3
 Anguish                  Hex/Necr       0%         N/A       100%        4
 Fulminant Prism          Conj/Hex       0%         3d5       100%        4
 Iskenderun's Mystic Bla  Conj/Tloc      0%         2d3       100%        4
 Starburst                Conj/Fire      0%         6d3       100%        6
 Maxwell's Capacitive Co  Air            0%         ∞         100%        8


Dungeon Overview and Level Annotations

Branches:
Dungeon (7/15)             Temple (0/1) D:6           Sewer (visited)

Altars:
Cheibriados
Fedhas
Gozag
Nemelex Xobeh
Okawaru
Ru
Sif Muna
Trog
Yredelemnul
Zin

Shops:
D:6 *

Annotations:
D:7 Jeremiah


Message History

* * * LOW HITPOINT WARNING * * *
Jeremiah draws strength from your wounds!
The hound closely misses you.
Okay, then.
Okay, then.
You feel very mighty all of a sudden.
The butterfly disappears in a burst of colours!
The hound bites you but does no damage.
Jeremiah hits you with a +2 vampiric trident.
* * * LOW HITPOINT WARNING * * *
Jeremiah draws strength from your wounds!
You barely miss Jeremiah.
Jeremiah is severely wounded.
You slash the butterfly!
You kill the butterfly!
The butterfly disappears in a burst of colours!
You closely miss the hound. You slash the butterfly!
You kill the butterfly!
The butterfly disappears in a burst of colours!
You closely miss the butterfly. You barely miss the butterfly.
You slice the butterfly!!
You kill the butterfly!
The butterfly disappears in a burst of colours! x2
The hound barely misses you. The hound bites you but does no damage.
Jeremiah barely misses you. You block the hound's attack.
You slice Jeremiah!!
Jeremiah is almost dead.
You barely miss the butterfly. You slash the hound! You slash the butterfly!
You kill the butterfly!
The butterfly disappears in a burst of colours! x2
You block Jeremiah's attack. You block the hound's attack.
Jeremiah hops!
The hound bites you but does no damage.
The butterfly disappears in a burst of colours! x3
Jeremiah barely misses you.
Jeremiah sobs, "I don't want it.
Make it stop!
Make it stop!"
Jeremiah hops!
The hound bites you but does no damage.
Jeremiah mumbles a slurred invocation.
Something smites you!
You die...
Jeremiah says, "O terrible one, your will is done."

##.....†....#..##
##..#
#.........###..##
##..##
#..####..##
##..## ##..##
##.......## ##..#
##.### #..#..#..#
#..# ##..#
....#....## ##b.#
#..##
..#..#....## #.##
..#bb#. #.##
.b#bb.##.#
#..#b..#.#
.#bb#F...#


You could see Jeremiah and a hound.

Vanquished Creatures
  Sigmund (D:4)
  A water moccasin (D:7)
  A sky beast (D:6)
  An ogre (D:4)
  A kobold brigand (D:6)
  4 bullfrogs
  A scorpion (D:6)
  3 wights (D:6)
  A howler monkey (D:4)
  4 hounds
  2 orc priests (D:5)
  3 jellies
  2 gnoll boudas
  4 iguanas
  2 sleepcaps
  2 orc wizards
  19 adders
  10 river rats
  A shadow imp (D:6)
  3 white imps
  3 ufetubi
  4 worms
  2 dart slugs
  13 orcs
  22 ball pythons
  3 bats
  2 endoplasms (D:1)
  7 giant cockroaches
  8 goblins
  9 hobgoblins
  3 jackals (D:1)
  2 quokkas
  5 frilled lizards
  10 kobolds
  33 rats
192 creatures vanquished.

Notes
Turn   | Place    | Note
-------+----------+-------------------------------------------
     0 | D:1      | inmateoo the Hill Orc Fighter began the quest for the Orb.
     0 | D:1      | Reached XP level 1. HP: 19/19 MP: 1/1
   109 | D:1      | Reached skill level 3 in Axes
   134 | D:1      | Reached XP level 2. HP: 27/27 MP: 2/2
   390 | D:1      | Found a faded altar of an unknown god.
   405 | D:1      | Reached XP level 3. HP: 27/33 MP: 3/3
   902 | D:2      | Reached skill level 4 in Axes
   927 | D:2      | Reached XP level 4. HP: 29/40 MP: 4/4
  1539 | D:3      | Became a worshipper of Beogh the Brigand
  1772 | D:4      | Reached XP level 5. HP: 38/47 MP: 5/5
  1847 | D:4      | Noticed an ogre
  1871 | D:4      | Reached skill level 5 in Axes
  1918 | D:4      | Reached XP level 6. HP: 34/53 MP: 6/6
  2011 | D:5      | Entered Level 5 of the Dungeon
  2058 | D:5      | Found a bloodstained altar of Trog.
  2058 | D:5      | Found a glowing silver altar of Zin.
  2058 | D:5      | Found a sparkling altar of Nemelex Xobeh.
  2058 | D:5      | Found an opulent altar of Gozag.
  2059 | D:5      | Found a shimmering blue altar of Sif Muna.
  2059 | D:5      | Found a sacrificial altar of Ru.
  2059 | D:5      | Found a blossoming altar of Fedhas.
  2060 | D:5      | Found a snail-covered altar of Cheibriados.
  2362 | D:5      | Reached skill level 5 in Fighting
  2365 | D:5      | Reached skill level 6 in Axes
  2447 | D:5      | Reached XP level 7. HP: 47/61 MP: 7/7
  2541 | D:5      | Reached * piety under Beogh
  2938 | D:4      | Found a basalt altar of Yredelemnul.
  3017 | D:4      | Reached skill level 5 in Armour
  3017 | D:4      | Reached skill level 5 in Shields
  3213 | D:4      | Reached skill level 7 in Axes
  3339 | D:4      | Noticed Sigmund
  3350 | D:4      | Killed Sigmund
  3351 | D:4      | Reached XP level 8. HP: 41/70 MP: 8/8
  3721 | D:6      | Reached skill level 8 in Axes
  3725 | D:6      | Reached ** piety under Beogh
  3917 | D:6      | Found a staircase to the Ecumenical Temple.
  4108 | D:6      | Found a glowing drain.
  4116 | Sewer    | Entered a sewer
  4167 | Sewer    | Reached skill level 9 in Axes
  4291 | Sewer    | Reached *** piety under Beogh
  4338 | Sewer    | Reached skill level 1 in Invocations
  4487 | D:6      | Reached skill level 1 in Dodging
  4487 | D:6      | Reached XP level 9. HP: 65/78 MP: 10/10
  4598 | D:6      | Found an iron altar of Okawaru.
  4817 | D:6      | Found Aqukh's General Store.
  4820 | D:6      | Bought a scroll of identify for 28 gold pieces
  4820 | D:6      | Bought a potion of curing for 42 gold pieces
  5026 | D:7      | Noticed Jeremiah
  5221 | D:7      | Killed from afar by Jeremiah

Illustrated notes

Levels and vault maps discovered:
D:1:      dpeg_arrival_round_a, layout_loops_ring,
          hellmonk_ecumenical_altar_arch_garden, grunt_decor_mini_mirrors
D:2:      layout_basic
D:3:      layout_loops_cross, nicolae_figureground_sparkle
D:4:      minmay_clustersquares, layout_rooms, nicolae_overflow_crystal_walls,
          grunt_ministairs_13, st_stairs_5, uniq_sigmund
D:5:      layout_loops_corners, grunt_temple_overflow_open, st_stairs_11
D:6:      layout_loops_cross, okawaru_metal_pillars_1_2,
          minmay_temple_entry_mini_moons, serial_shops, kennysheep_mini,
          lightli_sewer_entry_pipes
D:7:      layout_layer_cave, minmay_misc_feat_diagonals, uniq_jeremiah

Skill      XL: |  1  2  3  4  5  6  7  8  9 |
---------------+----------------------------+-----
Axes           | 3 4 5 6 7 9 |  9.7
Fighting       | 4 5 6 7 |  7.1
Armour         | 4 5 6 |  6.4
Shields        | 4 5 6 |  6.4
Invocations    | 1 2 |  2.4
Dodging        | 1 |  1.4

Action                     |  1- 3 |  4- 6 |  7- 9 || total
---------------------------+-------+-------+-------++-------
  Melee: War axe           |    94 |   122 |   284 ||   500
 Invoke: Convert to Beogh  |       |     1 |       ||     1
    Use: Scroll            |       |       |    10 ||    10
         Potion            |       |       |     1 ||     1
 Armour: Scale mail        |    39 |    31 |    41 ||   111
         Chain mail        |       |       |   124 ||   124
  Dodge: Dodged            |    62 |    94 |   326 ||   482
  Block: Buckler           |    30 |    32 |   111 ||   173

Table legend: (Time is in decaauts)
 A = Elapsed time spent in this place.
 B = Non-inter-level travel time spent in this place.
 C = Inter-level travel time spent in this place.
 D = Time resting spent in this place.
 E = Time spent auto-exploring this place.
 F = Levels seen in this place.
 G = Mean time per level.
                   A        B        C        D        E       F      G
               +--------+--------+--------+--------+--------+-----+--------+
         Total |   5541 |   5181 |    360 |    556 |   2944 |   8 |  692.6 |
       Dungeon |   5205 |   4845 |    360 |    556 |   2888 |   7 |  743.6 |
         Sewer |    336 |    336 |      0 |      0 |     56 |   1 |  336.0 |
               +--------+--------+--------+--------+--------+-----+--------+

Top non-repeatable levels by time:
     D:6: 1185 daAuts
     D:5: 937 daAuts
     D:4: 845 daAuts
     D:3: 762 daAuts
     D:1: 760 daAuts
     D:2: 503 daAuts
   Sewer: 336 daAuts
     D:7: 211 daAuts
